 Dungeon Crawl Stone Soup version 0.31-a0-232-gb1c03b2570 (webtiles) character file.

Game seed: 5886445036780119401

317 qw the Shooter (level 6, -7/38 HPs)
             Began as a Gargoyle Hexslinger on July 7, 2023.
             Was an Initiate of Okawaru.
             Mangled by Blork the orc
             ... wielding a +2 dire flail of protection
              (12 damage)
             ... on level 4 of the Dungeon.
             The game lasted 00:01:15 (2719 turns).

qw the Shooter (Gargoyle Hexslinger)                Turns: 2719, Time: 00:01:16

Health: -7/38      AC: 10    Str: 12    XL:     6   Next: 45%
Magic:  7/7        EV: 10    Int: 13    God:    Okawaru [......]
Gold:   201        SH:  0    Dex: 14    Spells: 6/7 levels left

rFire   . . .        Y - +1 sling
rCold   . . .        (no shield)
rNeg    + . .        c - +0 ring mail
rPois   inf          (no helmet)
rElec   +            (no cloak)
rCorr   +            (no gloves)
SInv    .            i - +0 pair of boots
Will    +....        (no amulet)
Stlth   +            k - ring of resist corrosion
HPRegen 0.26/turn    e - ring of willpower
MPRegen 0.10/turn

%: no passive effects
@: weakened
A: sickness immunity, AC +4, negative energy resistance 1, electricity
resistance, torment resistance 1, petrification resistance
a: Renounce Religion


You were on level 4 of the Dungeon.
You worshipped Okawaru.
Okawaru was noncommittal.
You visited 2 branches of the dungeon, and saw 5 of its levels.

You collected 201 gold pieces.


Innate Abilities, Weirdness & Mutations

You are immune to sickness and miasma.
Your stone body is resilient. (AC +4)
You are immune to poison.
You resist negative energy. (rN+)
You are resistant to electric shocks. (rElec)
You are resistant to unholy torment.
You are immune to petrification.


   Skills:
 - Level 3.7 Fighting
 + Level 5.4 Ranged Weapons
 - Level 1.3 Armour
 - Level 1.5 Dodging
 - Level 1.0 Spellcasting
 - Level 2.6 Hexes


You had 6 spell levels left.
You knew the following spells:

 Your Spells              Type           Power      Damage    Failure   Level
a - Slow                  Hex            28%        N/A       21%         1

Your spell library contained the following spells:

 Spells                   Type           Power      Damage    Failure   Level
 Inner Flame              Hex/Fire       4%         N/A       71%         3
 Portal Projectile        Hex/Tloc       8%         N/A       71%         3
 Cause Fear               Hex            3%         N/A       90%         4

Inventory:

Hand Weapons
 Y - a +1 sling (weapon)
Armour
 c - a +0 ring mail (worn)
 i - a +0 pair of boots (worn)
Jewellery
 e - a ring of willpower (right hand)
 k - a ring of resist corrosion (left hand)
Scrolls
 b - a scroll of identify
Potions
 d - a potion of cancellation
 f - a potion of curing
 g - a potion of mutation
 h - a potion of berserk rage {unknown}
 l - a potion of enlightenment {unknown}
 m - a potion of attraction {unknown}
 n - a potion of might {unknown}

Dungeon Overview and Level Annotations

Branches:
Dungeon (4/15)             Temple (1/1) D:4

Altars:
Cheibriados
Dithmenos
Elyvilon
Fedhas
Hepliaklqana
Okawaru
Sif Muna
Trog
Uskayaw
Wu Jian
Yredelemnul
Zin
The Shining One

Annotations:
D:4 Blork the orc


Message History

Blork the orc barely misses you.
The gnoll bouda hits you but does no damage.
You shoot a sling bullet.
The sling bullet hits the gnoll bouda but does no damage.
The gnoll bouda is moderately wounded.
Blork the orc hits you with a +2 dire flail of protection.
The gnoll bouda hits you with a +0 club.
You shoot a sling bullet.
The sling bullet closely misses the gnoll bouda.
Blork the orc barely misses you.
The gnoll bouda gazes fiercely through you!
You feel as though you will be weak longer.
The gnoll bouda hits you but does no damage.
You shoot a sling bullet. The sling bullet hits the gnoll bouda.
The gnoll bouda is heavily wounded.
Blork the orc barely misses you.
The gnoll bouda hits you with a +0 club.
The gnoll bouda gazes fiercely through you!
You feel as though you will be weak longer.
The gnoll bouda closely misses you.
Blork the orc casts a spell.
Blork the orc seems to speed up.
You shoot a sling bullet.
The sling bullet hits the gnoll bouda but does no damage.
The gnoll bouda is heavily wounded.
Blork the orc casts a spell at you. The puff of frost hits you.
The gnoll bouda closely misses you.
You shoot a sling bullet.
The sling bullet closely misses the gnoll bouda.
Blork the orc points at you and mumbles some strange words.
The puff of flame hits you.
Blork the orc hits you but does no damage.
The gnoll bouda hits you but does no damage.
You shoot a sling bullet. The sling bullet hits the gnoll bouda.
The gnoll bouda is severely wounded.
Blork the orc casts a spell at you.
The magic dart hits you but does no damage.
The gnoll bouda closely misses you.
Blork the orc hits you with a +2 dire flail of protection!
You die...

. #. ##.## #.# .
#.# #...#####.#
#.######..........
#
.....##.....##....
.
#.##.........#....
#.##...#.#...#.<..
#.##..#.#.#.......
#go).#.#.#.#......
#@#...#.>.#..###.#
#%##.#.#.#.#.# #.#
##.#
#.##..#.#.#..# #.#
...#
#.##...#.#...# #.#
###)#
...#.........# #.#
##.#.######### #.#
.#.# #.# ...
####.# #.....


You could see Blork the orc (fast) and a gnoll bouda.

Vanquished Creatures
  A scorpion (D:3)
  2 hounds (D:3)
  An orc priest (D:3)
  2 sleepcaps (D:3)
  2 gnolls (D:4)
  2 adders
  9 orcs
  11 endoplasms
  4 giant cockroaches
  7 goblins
  5 hobgoblins
  4 kobolds
  2 quokkas
  5 ball pythons
  6 bats
  4 frilled lizards
  8 rats
75 creatures vanquished.

Notes
Turn   | Place    | Note
-------+----------+-------------------------------------------
     0 | D:1      | qw the Gargoyle Hexslinger began the quest for the Orb.
     0 | D:1      | Reached XP level 1. HP: 12/12 MP: 2/2
     0 | D:1      | 0 ||| qw: Version: 0.3-a-46-gb1f654a
     0 | D:1      | 0 ||| qw: Game counter: 2810
     0 | D:1      | 0 ||| qw: Melee chars always use a shield: true
     0 | D:1      | 0 ||| qw: God list: Okawaru
     0 | D:1      | 0 ||| qw: Allow faded altars: false
     0 | D:1      | 0 ||| qw: Do Orc after clearing Dungeon:15 true
     0 | D:1      | 0 ||| qw: Do second Lair branch before Depths: true
     0 | D:1      | 0 ||| qw: Lair rune preference: random
     0 | D:1      | 0 ||| qw: Goals: Normal
     0 | D:1      | 0 ||| PLANNING D:1-11
   104 | D:1      | 104 ||| Stepping ~*~*~tactically~*~*~ (water).
   115 | D:1      | Reached XP level 2. HP: 5/16 MP: 3/3
   115 | D:1      | HP: 3/16 [hobgoblin (3)]
   124 | D:1      | 124 ||| FLEEEEING.
   248 | D:1      | Found a faded altar of an unknown god.
   262 | D:1      | Reached skill level 3 in Ranged Weapons
   644 | D:1      | 644 ||| UPGRADING to +0 pair of boots.
   649 | D:1      | 649 ||| UPGRADING to ring of resist corrosion.
   650 | D:1      | 650 ||| READING scroll labelled JENUNEMORA.
   651 | D:1      | 651 ||| READING 2 scrolls labelled TIDEIV CATECE.
   652 | D:1      | 652 ||| READING scroll labelled KAOMIE GIWY.
   656 | D:1      | 656 ||| DRINKING 2 black potions.
   682 | D:1      | 682 ||| DRINKING 2 fizzy puce potions.
   683 | D:1      | 683 ||| DRINKING 2 emerald potions.
   684 | D:1      | 684 ||| DROPPING scroll of poison.
   685 | D:1      | 685 ||| DROPPING potion of lignification.
   686 | D:1      | 686 ||| DROPPING scroll of immolation.
   702 | D:2      | 702 ||| STAIRDANCE
   708 | D:1      | Reached XP level 3. HP: 19/22 MP: 4/4
  1276 | D:2      | 1276 ||| UPGRADING to +0 leather armour.
  1286 | D:2      | 1286 ||| DROPPING +0 robe.
  1287 | D:2      | 1287 ||| UPGRADING to ring of willpower.
  1288 | D:2      | 1288 ||| READING scroll labelled DIKLINEDYF.
  1289 | D:2      | 1289 ||| READING scroll labelled MASUOG XUOMP.
  1304 | D:2      | 1304 ||| READING 2 scrolls of identify.
  1304 | D:2      | 1304 ||| IDENTIFYING ruby potion
  1434 | D:3      | Reached skill level 4 in Ranged Weapons
  1434 | D:3      | Reached XP level 4. HP: 27/27 MP: 5/5
  1566 | D:3      | Reached XP level 5. HP: 16/31 MP: 6/6
  1791 | D:3      | Reached skill level 5 in Ranged Weapons
  1860 | D:3      | Reached skill level 3 in Fighting
  1860 | D:3      | Reached XP level 6. HP: 22/38 MP: 7/7
  2203 | D:3      | 2203 ||| UPGRADING to +0 ring mail.
  2213 | D:3      | 2213 ||| DROPPING +0 leather armour.
  2214 | D:3      | 2214 ||| READING 2 scrolls of identify.
  2214 | D:3      | 2214 ||| IDENTIFYING metallic purple potion
  2288 | D:4      | 2288 ||| FLEEEEING.
  2289 | D:4      | 2289 ||| FLEEEEING.
  2290 | D:4      | 2290 ||| STAIRDANCE
  2340 | D:4      | 2340 ||| STAIRDANCE
  2349 | D:3      | Reached skill level 1 in Armour
  2436 | D:4      | 2436 ||| Stepping ~*~*~tactically~*~*~ (outnumbered).
  2453 | D:4      | HP: 9/38 [gnoll/+0 club[a gnoll bouda] (5)]
  2454 | D:4      | 2454 ||| READING scroll of teleportation.
  2455 | D:4      | 2455 ||| DRINKING potion of heal wounds.
  2621 | D:4      | Found a staircase to the Ecumenical Temple.
  2622 | D:4      | 2622 ||| PLANNING TEMPLE
  2630 | Temple   | Entered the Ecumenical Temple
  2630 | Temple   | Found a transporter.
  2630 | Temple   | Found a transporter.
  2632 | Temple   | Found a transporter.
  2632 | Temple   | Found a transporter.
  2642 | Temple   | 2642 ||| PLANNING D:1-11
  2657 | Temple   | 2657 ||| PLANNING OKAWARU WORSHIP
  2664 | Temple   | Became a worshipper of Warmaster Okawaru
  2665 | Temple   | 2665 ||| PLANNING D:1-11
  2705 | D:4      | Noticed Blork the orc
  2717 | D:4      | HP: 8/38 [Blork the orc/puff of frost (5)]
  2719 | D:4      | Mangled by Blork the orc

Levels and vault maps discovered:
D:1:      moated_graveyard_arrival, layout_loops_ring,
          dilly_ecumenical_altar_fadedgnrine, hangedman_feature_mirror,
          kennysheep_crisscross, st_stairs_11
D:2:      layout_loops_ring, minmay_diced_spiral
D:3:      minmay_chambers_of_twos, layout_loops_ring, moated_statue
D:4:      layout_loops_ring, minmay_overflow_temple_star_hex,
          minmay_temple_entry_grid, dreamdust_princess_bridge,
          uniq_blork_the_orc, uniq_duvessa, uniq_ijyb
Temple:   hellmonk_temple_divided_pantheon

Skill      XL: |  1  2  3  4  5  6 |
---------------+-------------------+-----
Ranged Weapons | 3 4 5 |  5.4
Fighting       | 2 3 |  3.7
Armour         | 1 |  1.3
Dodging        | |  1.5
Spellcasting   | |  1.0
Hexes          | |  2.6

Action                     |  1- 3 |  4- 6 || total
---------------------------+-------+-------++-------
   Fire: Sling             |   130 |   159 ||   289
    Use: Scroll            |     6 |     2 ||     8
         Potion            |     3 |     1 ||     4
 Armour: Robe              |    22 |       ||    22
         Leather armour    |     1 |    31 ||    32
         Ring mail         |       |    29 ||    29
  Dodge: Dodged            |    41 |    97 ||   138

Table legend:
 A = Non-vault XP
 B = Vault XP
 C = Vault XP percentage of total XP
 D = Non-vault monster count
 E = Vault monster count
 F = Vault count percentage of total count
                 A         B        C        D         E       F
            +---------+---------+-------+---------+---------+-------
      Total |     335 |     119 |  26.2 |      59 |      16 |  21.3
            +---------+---------+-------+---------+---------+-------
        D:1 |      37 |       9 |  19.6 |      16 |       5 |  23.8
        D:2 |      21 |       4 |  16.0 |      12 |       3 |  20.0
        D:3 |     226 |     106 |  31.9 |      19 |       8 |  29.6
        D:4 |      51 |       0 |   0.0 |      12 |       0 |   0.0
            +---------+---------+-------+---------+---------+-------
